 Dungeon Crawl Stone Soup version 0.18.1-48-g4cf74bf (webtiles) character file.

85 sdOOK the Ruffian (level 4, -39/44 HPs)
             Began as a Troll Monk on Aug 24, 2016.
             Killed from afar by a goblin (44 damage)
             ... with an exploding inner flame
             ... led by Robin
             ... hexed by the player character
             ... on level 3 of the Dungeon.
             The game lasted 00:11:29 (1704 turns).

sdOOK the Ruffian (Troll Monk)                      Turns: 1704, Time: 00:11:29

Health: -39/44     AC:  6    Str: 25    XL:     4   Next: 25%
Magic:  3/3        EV: 10    Int:  6    God:
Gold:   25         SH:  0    Dex: 12    Spells: 0 memorised, 3 levels left

rFire  . . .     SeeInvis .       - Unarmed
rCold  . . .     Gourm    +     a - +1 robe
rNeg   . . .     Faith    .     (no shield)
rPois  .         Spirit   .     (helmet restricted)
rElec  .         Dismiss  .     (no cloak)
rCorr  .         Reflect  .     (gloves unavailable)
SustAt .         Harm     .     (boots unavailable)
MR     .....                    m - amulet of regeneration
Stlth  ++........               (no ring)
                                (no ring)

@: mighty, lethally poisoned (-39 -> -39), not resistant to hostile
enchantments, unstealthy
A: unfitting armour, claws 3, fast metabolism 3, gourmand, regeneration 2,
shaggy fur 1, tough skin 2
a: no special abilities


You were on level 3 of the Dungeon.
You were completely stuffed.

You visited 1 branch of the dungeon, and saw 3 of its levels.

You collected 25 gold pieces.

Inventory:

Missiles
 e - a throwing net (quivered)
Armour
 a - a +1 robe (worn)
Jewellery
 m - an amulet of regeneration (around neck)
Scrolls
 i - a scroll of remove curse
 p - a scroll of identify
Potions
 c - a potion of cancellation {unknown}
 d - a potion of flight {unknown}
 g - a potion of curing
 h - a potion of lignification
Comestibles
 b - 3 bread rations
 j - 3 chunks of flesh


   Skills:
 + Level 2.8 Fighting
 + Level 3.0 Dodging
 + Level 1.5 Stealth
 + Level 4.6 Unarmed Combat


You had 3 spell levels left.
You didn't know any spells.

Dungeon Overview and Level Annotations

Branches:
Dungeon (3/15)

Altars:
Kikubaaqudgha

Annotations:
D:3 Robin


Innate Abilities, Weirdness & Mutations

You are too large for most types of armour.
You have claws for hands.
Your metabolism is lightning-fast.
You like to eat raw meat.
You heal very quickly.
You are covered in fur (AC +1).
You have very tough skin (AC +2).


Message History

* * * LOW HITPOINT WARNING * * *
Read which item? (? for menu, Esc to quit)
As you read the scroll labeled CAUCZOREBIPT, it crumbles to dust.
The creatures around you are filled with an inner flame!
It was a scroll of immolation.
You feel sick.
The hobgoblin no longer looks unusually strong.
Robin misses you. The goblin closely misses you. The goblin hits you.
* * * LOW HITPOINT WARNING * * *
You barely miss the goblin.
You feel sick.
Robin roars a battlecry!
The hobgoblin goes into a battle-frenzy!
Robin closely misses you. The goblin hits you with a dagger.
* * * LOW HITPOINT WARNING * * *
The goblin hits you.
* * * LOW HITPOINT WARNING * * *
You scratch the goblin.
The goblin explodes!
The fiery explosion engulfs you!
Ouch! That really hurt!
You die...

#. .... #. #.##
####.. #.<# ......
#..##
......##+####...+
..)........##.###
........gg.g..#
###...Kgg#ยงยง.#
.........#@#....#
....gg#########..#
....g. .## ..... .
..).K # .... ....


You could see Robin (inner flame), 3 hobgoblins, a goblin (inner flame) and a
kobold.

Vanquished Creatures
  2 adders (D:2)
  A worm (D:2)
  2 dart slugs (D:2)
  2 giant geckos (D:2)
  11 bats
  2 giant cockroaches
  8 goblins
  7 hobgoblins
  3 jackals (D:2)
  8 kobolds
  A quokka (D:2)
  4 giant newts
  4 rats
55 creatures vanquished.

Notes
Turn   | Place    | Note
--------------------------------------------------------------
     0 | D:1      | sdOOK the Troll Monk began the quest for the Orb.
     0 | D:1      | Reached XP level 1. HP: 22/22 MP: 0/0
   188 | D:1      | Reached XP level 2. HP: 26/29 MP: 1/1
   964 | D:2      | Reached XP level 3. HP: 32/36 MP: 2/2
  1212 | D:2      | Found an ancient bone altar of Kikubaaqudgha.
  1520 | D:2      | Reached XP level 4. HP: 44/44 MP: 3/3
  1682 | D:3      | Noticed Robin
  1704 | D:3      | Killed from afar by a goblin

Skill      XL: |  1  2  3 |
---------------+----------+-----
Dodging        | 3 |  3.0
Fighting       | |  2.8
Stealth        | |  1.5
Unarmed Combat | |  4.6

Action                   |  1- 3 |  4- 6 || total
-------------------------+-------+-------++-------
Melee: Unarmed           |   109 |    18 ||   127
       Punch             |     1 |       ||     1
Throw: Large rock        |     8 |     3 ||    11
  Use: Potion            |     3 |     3 ||     6
       Scroll            |     3 |     2 ||     5
 Stab: Sleeping          |     3 |       ||     3
  Eat: Chunk             |    19 |     2 ||    21
Armor: Robe              |    41 |     6 ||    47
Dodge: Dodged            |    67 |    17 ||    84
